 Dungeon Crawl Stone Soup version 0.20-a0-848-g73d9be0 (webtiles) character file.

67 Alarkh the Skirmisher (level 3, 0/29 HPs)
             Began as a Demonspawn Fighter on Mar 9, 2017.
             Slain by a gnoll
             ... wielding a +4 halberd
              (4 damage)
             ... on level 2 of the Dungeon.
             The game lasted 00:01:36 (1797 turns).

Alarkh the Skirmisher (Demonspawn Fighter)          Turns: 1797, Time: 00:01:37

Health: 0/29       AC:  6    Str: 21    XL:     3   Next: 98%
Magic:  3/3        EV:  9    Int: 10    God:
Gold:   78         SH:  9    Dex: 12    Spells: 2/2 levels left

rFire    . . .     SeeInvis .   a - +0 long sword
rCold    . . .     Gourm    .   b - +0 scale mail
rNeg     . . .     Faith    .   c - +0 shield
rPois    .         Spirit   .   (no helmet)
rElec    .         Reflect  .   (no cloak)
rCorr    .         Harm     .   (no gloves)
MR       .....                  (no boots)
Stlth    ..........             e - amulet of magic regeneration
Regen    0.1/turn               (no ring)
MPRegen  0.2/turn               (no ring)

@: mighty, drained
A: repulsion field 1
a: no special abilities


You were on level 2 of the Dungeon.
You were not hungry.

You visited 1 branch of the dungeon, and saw 3 of its levels.

You collected 78 gold pieces.

Inventory:

Hand Weapons
 a - a +0 long sword (weapon)
Armour
 b - a +0 scale mail (worn)
 c - a +0 shield (worn)
Jewellery
 e - an amulet of magic regeneration (around neck)
Scrolls
 i - 2 scrolls of identify {unknown}
 k - 2 scrolls of recharging {unknown}
 m - 2 scrolls of remove curse {unknown}
 o - a scroll of fear {unknown}
Potions
 h - 3 potions of curing
Comestibles
 f - 2 bread rations
 g - a chunk of flesh
 j - 2 meat rations
 l - 2 royal jellies


   Skills:
 + Level 3.1(2.8) Fighting
 * Level 2.7(2.5) Long Blades
 + Level 3.0(2.8) Armour
 + Level 1.1(0.9) Dodging
 + Level 3.1(2.9) Shields


You had 2 spell levels left.
You didn't know any spells.

Dungeon Overview and Level Annotations

Branches:
Dungeon (3/15)

Altars:


Innate Abilities, Weirdness & Mutations

You are surrounded by a mild repulsion field. (EV +2)


Message History

The gnoll is heavily wounded.
You block the gnoll's attack.
You barely miss the gnoll.
The gnoll is heavily wounded.
The gnoll hits you with a flail of draining.
You feel drained.
The gnoll hits you from afar with an enchanted halberd.
You slice the gnoll!!
You kill the gnoll!
The gnoll hits you from afar with an enchanted halberd.
The gnoll shouts! x2
You block the gnoll's attack.
You see here a flail of draining.
You closely miss the gnoll. You closely miss the gnoll.
The gnoll hits you with an enchanted halberd.
The gnoll hits you with a club.
* * * LOW HITPOINT WARNING * * *
The gnoll hits you with an enchanted halberd.
You die...

.######### #..# ######.#
.........# #..####......#
########.##### #.......######
.............##### #.#####.#
#..........#.#...# #.# #.#
#.###.##.#.......###.#####.#
#.#
#.##.#.................######
#.#
#.#...##.##.####.####.....#..
#.# #.#........g@.....#
#.....#.# #.#
#.#.....###g#####.###........
#.# #..###..# #g#
#.##...<..... #.# ##.# #..#
#.## #.##......... #.# #.#
#..# #..# #.##......... ..#
#.# #..# ##.####.##.##...#..
#.# #.# #..#
#..g....##.##...#.> #.# #.#
#..# #....##.##.##...#.. ..#
#.# #..###.g.g.#....###.....


You could see 3 gnolls.

Vanquished Creatures
  An adder (D:2)
  2 gnolls
  A dart slug (D:1)
  A leopard gecko (D:3)
  4 bats
  2 giant cockroaches
  5 goblins (D:1)
  2 hobgoblins (D:1)
  7 jackals
  3 kobolds (D:1)
  2 frilled lizards (D:1)
  2 rats
32 creatures vanquished.

Notes
Turn   | Place    | Note
-------+----------+-------------------------------------------
     0 | D:1      | Alarkh the Demonspawn Fighter began the quest for the Orb.
     0 | D:1      | Reached XP level 1. HP: 18/18 MP: 1/1
   266 | D:1      | Gained mutation: You are surrounded by a mild repulsion field. (EV +2) [demonic ancestry]
   266 | D:1      | Reached XP level 2. HP: 24/24 MP: 2/2
   930 | D:2      | Reached XP level 3. HP: 29/29 MP: 3/3
  1454 | D:1      | Reached skill level 1 in Dodging
  1797 | D:2      | Slain by a gnoll

Vault maps used:
D:1:      dpeg_arrival_brainrot
D:3:      roderic_bali_sauvastika, minivault_25

Skill      XL: |  1  2  3 |
---------------+----------+-----
Long Blades    | 2 |  2.7
Armour         | 3 |  3.0
Shields        | 3 |  3.1
Dodging        | 1 |  1.1
Fighting       | |  3.1

Action                   || total
-------------------------++-------
Melee: Long sword        ||   120
  Use: Potion            ||     3
  Eat: Chunk             ||     3
Armor: Scale mail        ||    50
Dodge: Dodged            ||    53
Block: Shield            ||    65
       Rpst.: Long sword ||    21
